 Dungeon Crawl Stone Soup version 0.21.1-1-g345015f (webtiles) character file.

211 tidbits the Chiller (level 5, 0/37 HPs)
             Began as a Gnoll Ice Elementalist on Mar 30, 2018.
             Slain by a gnoll
             ... wielding a +0 halberd
              (9 damage)
             ... on level 5 of the Dungeon.
             The game lasted 00:07:33 (966 turns).

tidbits the Chiller (Gnoll Ice Elementalist)         Turns: 966, Time: 00:07:34

Health: 0/37       AC:  9    Str: 10    XL:     5   Next: 88%
Magic:  6/12       EV: 15    Int: 18    God:
Gold:   163        SH:  0    Dex: 16    Spells: 8/14 levels left

rFire    . . .     SeeInvis .   b - +1 falchion (elec)
rCold    . . .     Gourm    .   (no shield)
rNeg     . . .     Faith    .   f - +0 robe
rPois    .         Spirit   .   (no helmet)
rElec    .         Reflect  .   (no cloak)
rCorr    .         Harm     .   G - +0 pair of gloves
MR       .....                  (no boots)
Stlth    +++.......             (no amulet)
HPRegen  0.12/turn              (no ring)
MPRegen  0.13/turn              (no ring)

@: icy armour, very slightly contaminated, slow
A: distributed training, fangs 1, strong nose
a: no special abilities


You were on level 5 of the Dungeon.
You were not hungry.

You visited 1 branch of the dungeon, and saw 6 of its levels.

You collected 163 gold pieces.

Inventory:

Hand Weapons
 a - a +0 dagger
 b - a +1 falchion of electrocution (weapon)
   (You took it off an orc on level 4 of the Dungeon)
 s - a +0 whip
Missiles
 i - 18 sling bullets
 k - 6 steel tomahawks (quivered)
 p - 12 stones
 q - 23 arrows
 u - 2 tomahawks
Armour
 f - a +0 robe (worn)
 h - a +0 ring mail
 G - a +0 pair of gloves (worn)
Scrolls
 e - 2 scrolls of teleportation
 j - a scroll of amnesia
 n - 2 scrolls of enchant armour
Potions
 d - a potion of brilliance {unknown}
 g - a potion of curing {unknown}
 l - a potion of lignification
 m - a potion of resistance {unknown}
 o - 2 potions of magic {unknown}
 t - a potion of flight
Books
 r - a book of Frost

   Spells                             Type                      Level
   a - Freeze                         Ice                          1
   b - Throw Frost                    Conjuration/Ice              2
   c - Ozocubu's Armour               Charms/Ice                   3
   d - Throw Icicle                   Conjuration/Ice              4
   e - Summon Ice Beast               Ice/Summoning                4
Comestibles
 c - 5 rations


   Skills:
 + Level 1.6 Fighting
 + Level 1.6 Short Blades
 + Level 1.6 Long Blades
 + Level 1.6 Axes
 + Level 1.6 Maces & Flails
 + Level 1.6 Polearms
 + Level 1.6 Staves
 + Level 1.6 Slings
 + Level 1.6 Bows
 + Level 1.6 Crossbows
 + Level 1.6 Throwing
 + Level 1.6 Armour
 + Level 4.8 Dodging
 + Level 4.4 Stealth
 + Level 1.6 Shields
 + Level 1.6 Unarmed Combat
 + Level 5.2 Spellcasting
 + Level 2.4 Conjurations
 + Level 1.3 Hexes
 + Level 1.3 Charms
 + Level 1.3 Summonings
 + Level 1.3 Necromancy
 + Level 1.3 Translocations
 + Level 1.3 Transmutations
 + Level 1.3 Fire Magic
 + Level 5.6 Ice Magic
 + Level 1.3 Air Magic
 + Level 1.3 Earth Magic
 + Level 1.3 Poison Magic
 + Level 1.8 Invocations
 + Level 1.6 Evocations


You had 8 spell levels left.
You knew the following spells:

 Your Spells              Type           Power        Failure   Level  Hunger
a - Freeze                Ice            ###.         1%          1    None
j - Throw Frost           Conj/Ice       ###...       3%          2    #......
o - Ozocubu's Armour      Chrm/Ice       ###.....     10%         3    ##.....


Dungeon Overview and Level Annotations

Branches:
Dungeon (6/15)
 Temple: D:4-7

Altars:
Sif Muna

Shops:
D:5 }


Innate Abilities, Weirdness & Mutations

Your experience applies equally to all skills.
You have very sharp teeth.
Your uncanny sense of smell can sniff out nearby items.


Message History

Your +1 falchion of electrocution stops crackling.
a - a +0 dagger (weapon)
A jackal comes into view.
The jackal barks!
Unknown command.
You hear the crackle of electricity.
b - a +1 falchion of electrocution (weapon)
Casting: Freeze
Confirm with . or Enter, or press ? or * to list all spells.
A film of ice covers your body!
The jackal barks!
The jackal bites you.
You hit the jackal.
The jackal is almost dead.
The jackal closely misses you. The jackal barely misses you.
The jackal misses you.
You barely miss the jackal.
The jackal bites you but does no damage.
You hit the jackal.
You kill the jackal!
The jackal bites you.
You hit the jackal. Lightning courses through the jackal!
You kill the jackal!
The jackal completely misses you.
You barely miss the jackal. The jackal closely misses you.
You riposte.
You hit the jackal. You bite the jackal, but do no damage.
The jackal is heavily wounded.
You hit the jackal.
The jackal is almost dead.
The jackal misses you.
You riposte.
You barely miss the jackal.
The jackal is almost dead.
The jackal bites you but does no damage.
You hit the jackal. Lightning courses through the jackal!
You kill the jackal!
Casting: Ozocubu's Armour
Confirm with . or Enter, or press ? or * to list all spells.
Aiming: Freeze
Press: ? - help, Shift-Dir - straight line, f - jelly
Aim: a jelly You freeze the jelly.
The jelly is moderately wounded.
The jelly misses you.
Casting: Freeze
Confirm with . or Enter, or press ? or * to list all spells.
Aiming: Freeze
Press: ? - help, Shift-Dir - straight line, f/p - jelly
Aim: a jelly (moderately wounded)
You freeze the jelly.
The jelly is almost dead.
The jelly hits you but does no damage.
Casting: Freeze
Confirm with . or Enter, or press ? or * to list all spells.
Aiming: Freeze
Press: ? - help, Shift-Dir - straight line, f/p - jelly
Aim: a jelly (almost dead)
You freeze the jelly.
You kill the jelly!
Things that are here:
a jackal corpse x2
You see here a golden potion.
g - a golden potion
Found 2 tomahawks.
You see here 2 tomahawks.
u - 2 tomahawks A gnoll comes into view.
It is wielding a spear.
Your +1 falchion of electrocution stops crackling.
a - a +0 dagger (weapon)
2 gnolls come into view.
Found a brown potion.
Throwing (i - inventory. (,) - cycle):
k - 7 steel tomahawks (quivered)
Press: ? - help, Shift-Dir - straight line, f - gnoll
Aim: a gnoll, wielding a spear (resting)
You throw a steel tomahawk.
The steel tomahawk hits the gnoll but does no damage.
The gnoll shouts! x2
A gnoll comes into view. It is wielding a spear.
Your icy armour starts to melt.
Casting: Freeze
Confirm with . or Enter, or press ? or * to list all spells.
You miscast Ozocubu's Armour.
You are very lightly contaminated with residual magic.
Frost covers your body. The gnoll barely misses you.
Casting: Ozocubu's Armour
Confirm with . or Enter, or press ? or * to list all spells.
Your icy armour thickens.
The gnoll hits you from afar with a spear!
You hear the crackle of electricity.
b - a +1 falchion of electrocution (weapon)
The gnoll barely misses you. The gnoll hits you with a spear.
* * * LOW HITPOINT WARNING * * *
You hit the gnoll.
The gnoll is lightly wounded.
The gnoll closely misses you. The gnoll hits you with a spear!
* * * LOW HITPOINT WARNING * * *
You hit the gnoll. You bite the gnoll, but do no damage.
The gnoll is heavily wounded.
The gnoll hits you but does no damage.
The gnoll hits you from afar with a halberd!
You die...

#.. ...#### #..#..## ..#
# #..#...##+#.#
#..#.#.##.#.#### #
#..#.#..#.#.†... #.
#..#........#### #..
#....##.#...####
###...####....##.#.......
........@gg...##.........
....#.#####...###........
. # #..........####
#.#.####...# #gg.......#
....# ..g(........#....#
######.######..#.# ..
...# #..


You could see 2 gnolls.

Vanquished Creatures
  A sky beast (D:5)
  A jelly (D:5)
  A worker ant (D:4)
  An adder (D:2)
  A shadow imp (D:2)
  An ooze (D:1)
  A worm (D:2)
  A dart slug (D:2)
  A leopard gecko (D:3)
  4 orcs
  4 bats
  A giant cockroach (D:1)
  A goblin (D:2)
  4 hobgoblins
  4 jackals (D:5)
  A kobold (D:1)
  A frilled lizard (D:2)
  6 rats
35 creatures vanquished.

Notes
Turn   | Place    | Note
-------+----------+-------------------------------------------
     0 | D:1      | tidbits the Gnoll Ice Elementalist began the quest for the Orb.
     0 | D:1      | Reached XP level 1. HP: 13/13 MP: 6/6
    36 | D:1      | Reached skill level 2 in Conjurations
    36 | D:1      | Reached XP level 2. HP: 19/19 MP: 0/7
   275 | D:2      | Reached skill level 5 in Spellcasting
   275 | D:2      | Reached XP level 3. HP: 6/25 MP: 6/9
   426 | D:2      | Reached skill level 1 in Invocations
   607 | D:3      | Learned a level 2 spell: Throw Frost
   611 | D:3      | Learned a level 3 spell: Ozocubu's Armour
   670 | D:4      | Reached skill level 1 in Fighting
   670 | D:4      | Reached skill level 1 in Short Blades
   670 | D:4      | Reached skill level 1 in Long Blades
   670 | D:4      | Reached skill level 1 in Axes
   670 | D:4      | Reached skill level 1 in Maces & Flails
   670 | D:4      | Reached skill level 1 in Polearms
   670 | D:4      | Reached skill level 1 in Staves
   670 | D:4      | Reached skill level 1 in Slings
   670 | D:4      | Reached skill level 1 in Bows
   670 | D:4      | Reached skill level 1 in Crossbows
   670 | D:4      | Reached skill level 1 in Throwing
   670 | D:4      | Reached skill level 1 in Armour
   670 | D:4      | Reached skill level 1 in Shields
   670 | D:4      | Reached skill level 1 in Unarmed Combat
   670 | D:4      | Reached skill level 1 in Evocations
   670 | D:4      | Reached XP level 4. HP: 32/32 MP: 7/11
   736 | D:5      | Entered Level 5 of the Dungeon
   745 | D:5      | Found a deep blue altar of Sif Muna.
   842 | D:5      | Noticed a sky beast
   852 | D:5      | Killed a sky beast
   852 | D:5      | Reached skill level 1 in Hexes
   852 | D:5      | Reached skill level 1 in Charms
   852 | D:5      | Reached skill level 1 in Summonings
   852 | D:5      | Reached skill level 1 in Necromancy
   852 | D:5      | Reached skill level 1 in Translocations
   852 | D:5      | Reached skill level 1 in Transmutations
   852 | D:5      | Reached skill level 1 in Fire Magic
   852 | D:5      | Reached skill level 1 in Air Magic
   852 | D:5      | Reached skill level 1 in Earth Magic
   852 | D:5      | Reached skill level 1 in Poison Magic
   852 | D:5      | Reached XP level 5. HP: 18/37 MP: 3/12
   887 | D:5      | Found Naillaso's Gadget Boutique.
   966 | D:5      | Slain by a gnoll

Skill      XL: |  1  2  3  4 |
---------------+-------------+-----
Conjurations   | 2 |  2.4
Spellcasting   | 5 |  5.2
Invocations    | 1 |  1.8
Fighting       | 1 |  1.6
Short Blades   | 1 |  1.6
Long Blades    | 1 |  1.6
Axes           | 1 |  1.6
Maces & Flails | 1 |  1.6
Polearms       | 1 |  1.6
Staves         | 1 |  1.6
Slings         | 1 |  1.6
Bows           | 1 |  1.6
Crossbows      | 1 |  1.6
Throwing       | 1 |  1.6
Armour         | 1 |  1.6
Shields        | 1 |  1.6
Unarmed Combat | 1 |  1.6
Evocations     | 1 |  1.6
Hexes          | 1 |  1.3
Charms         | 1 |  1.3
Summonings     | 1 |  1.3
Necromancy     | 1 |  1.3
Translocations | 1 |  1.3
Transmutations | 1 |  1.3
Fire Magic     | 1 |  1.3
Air Magic      | 1 |  1.3
Earth Magic    | 1 |  1.3
Poison Magic   | 1 |  1.3
Dodging        | |  4.8
Stealth        | |  4.4
Ice Magic      | |  5.6

Action                   |  1- 3 |  4- 6 || total
-------------------------+-------+-------++-------
Melee: Whip              |    20 |     1 ||    21
       Unarmed           |    10 |       ||    10
       Bite              |     1 |     2 ||     3
       Dagger            |       |     1 ||     1
       Falchion          |       |    19 ||    19
Throw: Tomahawk          |       |     1 ||     1
 Cast: Freeze            |    28 |    14 ||    42
       Ozocubu's Armour  |       |     3 ||     3
  Use: Potion            |     1 |       ||     1
       Scroll            |       |     4 ||     4
 Stab: Sleeping          |     5 |       ||     5
Armor: Robe              |     4 |    13 ||    17
       Skin              |     7 |       ||     7
Dodge: Dodged            |    27 |    28 ||    55
       Rpst.: Falchion   |       |     4 ||     4

Table legend:
 A = Turns spent in this place as a percentage of turns spent in the entire game.
 B = Non-inter-level travel turns spent in this place as a percentage of non-inter-level travel turns spent in the entire game.
 C = Inter-level travel turns spent in this place as a percentage of turns spent in this place.
 D = Turns resting spent in this place as a percentage of non-inter-level travel turns spent in this place.
 E = Turns spent auto-exploring this place as a percentage of non-inter-level travel turns spent in this place.
 F = Non-inter-level travel turns spent in this place divided by the number of levels of this place that you've seen.
                   A       B       C       D       E      F
               +-------+-------+-------+-------+-------+----------------------
         Total | 100.0 | 100.0 |   0.0 |   0.0 |   0.0 | 161.0
       Dungeon | 100.0 | 100.0 |   0.0 |   0.0 |   0.0 | 161.0
               +-------+-------+-------+-------+-------+----------------------

Table legend:
 A = Kills in this place as a percentage of kills in entire the game.
 B = Kills by you in this place as a percentage of kills by you in the entire game.
 C = Kills by friends in this place as a percentage of kills by friends in the entire game.
 D = Other kills in this place as a percentage of other kills in the entire game.
 E = Experience gained in this place as a percentage of experience gained in the entire game.
 F = Experience gained in this place divided by the number of levels of this place that you have seen.
                   A       B       C       D       E      F
               +-------+-------+-------+-------+-------+----------------------
         Total | 100.0 | 100.0 |   N/A |   N/A | 100.0 |  50.3
       Dungeon | 100.0 | 100.0 |   N/A |   N/A | 100.0 |  50.3
               +-------+-------+-------+-------+-------+----------------------

Vault maps used:
D:1:      dpeg_arrival_water_altar
D:2:      minmay_octomino_e4
D:3:      due_unseen_surprise
D:4:      chequers_temple_overflow_minitemple, first_ration, serial_glass,
          glass_columns_a, glass_columns_a
D:5:      nicolae_overflow_crystal_walls, serial_shops, shop_statue,
          basic_altar, minmay_misc_feat_roman
D:6:      kennysheep_mini, minmay_temple_entry_junction_2, serial_bayou,
          serial_bayou_lagoon_a, serial_bayou_lagoon_b, serial_bayou_pond_e,
          serial_bayou_lake_a, serial_bayou_pond_d, portal_sewer_entry_c,
          kennysheep_generic_room_4, uniq_pikel
